 Dungeon Crawl Stone Soup version 0.28-b1-25-g9875b3fc8c (webtiles) character file.

Game seed: 16105575121666225840

10 sanka the Magician (level 2, 16/16 HPs)
             Began as a Deep Elf Transmuter on Feb 8, 2022.
             Was a Follower of the Shining One.
             Quit the game on level 1 of the Dungeon.
             The game lasted 00:00:30 (683 turns).

sanka the Magician (Deep Elf Transmuter)             Turns: 683, Time: 00:00:30

Health: 16/16      AC:  2    Str:  7    XL:     2   Next: 10%
Magic:  9/9        EV: 12    Int: 17    God:    the Shining One [*.....]
Gold:   0          SH:  0    Dex: 15    Spells: 8/9 levels left

rFire   . . .      SeeInvis .     - Unarmed
rCold   . . .      Faith    .   (no shield)
rNeg    . . .      Spirit   .   a - +0 robe
rPois   .          Reflect  .   (no helmet)
rElec   .          Harm     .   (no cloak)
rCorr   .          Rampage  .   (no gloves)
Will    .....                   (no boots)
Stlth   +.........              (no amulet)
HPRegen 0.05/turn               (no ring)
MPRegen 0.11/turn               (no ring)

@: glowing
A: no striking features
a: Renounce Religion, Divine Shield


You were on level 1 of the Dungeon.
You worshipped the Shining One.
The Shining One was aware of your devotion.
You visited 1 branch of the dungeon, and saw 1 of its levels.

Inventory:

Armour
 a - a +0 robe (worn)


   Skills:
 - Level 0.7 Fighting
 - Level 2.4 Dodging
 - Level 2.4 Unarmed Combat
 + Level 4.1 Spellcasting
 - Level 2.1 Transmutations


You had 8 spell levels left.
You knew the following spells:

 Your Spells              Type           Power      Damage    Failure   Level
a - Beastly Appendage     Tmut           20%        N/A       6%          1

Your spell library contained the following spells:

 Spells                   Type           Power      Damage    Failure   Level
 Wereblood                Tmut           10%        N/A       10%         2
 Spider Form              Tmut/Pois      7%         N/A       30%         3
 Ice Form                 Ice/Tmut       7%         N/A       69%         4


Dungeon Overview and Level Annotations

Branches:
Dungeon (1/15)

Altars:
The Shining One


Message History

You kill the rat!
The kobold hits you with a +0 club.
You hit the kobold but do no damage. You punch the kobold.
The kobold is severely wounded.
The kobold hits you with a +0 club.
You barely miss the kobold. You claw the kobold.
You kill the kobold!
Your transformation is almost over.
You start resting.
A dart slug is nearby!
You barely miss the dart slug. You hit the dart slug.
You claw the dart slug, but do no damage.
You headbutt the dart slug, but do no damage.
The dart slug is moderately wounded.
The dart slug launches a dart at you. The slug dart misses you.
You hit the dart slug. You claw the dart slug.
The dart slug is heavily wounded.
The dart slug bites you.
You hit the dart slug. You claw the dart slug. You headbutt the dart slug.
You kill the dart slug!
Your Spellcasting skill increases to level 4!
You have reached level 2!
You start resting.
Your horns disappear.
Your talons disappear.
You start resting.
HP restored.
Items here: ( ) ††.
You see here a rat corpse.
There is a faded altar of an unknown god here.
You see here a +0 dagger.
You cannot tell which god this altar belongs to.
Convert to them anyway?
The Shining One accepts your prayer! The Shining One welcomes you!
You and your allies can now gain power from killing the unholy and evil.
You can now call upon the Shining One for a divine shield.
Unknown command.
Press < or > to pray at altars.
Are you sure you want to abandon this character and quit the game? (Confirm with "yes".)

###### ###....#
#......#
#..?...#
#..@...###
#.........#
#.........#
##†.......#
.#####)#####...
...........# ##
........##.#
###..
.#########(#
.... ##.##


There were no monsters in sight!

Vanquished Creatures
  2 dart slugs (D:1)
  2 jackals (D:1)
  A kobold (D:1)
  2 rats (D:1)
7 creatures vanquished.

Notes
Turn   | Place    | Note
-------+----------+-------------------------------------------
     0 | D:1      | sanka the Deep Elf Transmuter began the quest for the Orb.
     0 | D:1      | Reached XP level 1. HP: 11/11 MP: 6/6
   496 | D:1      | Found a faded altar of an unknown god.
   507 | D:1      | Reached skill level 4 in Spellcasting
   507 | D:1      | Reached XP level 2. HP: 7/16 MP: 9/9
   682 | D:1      | Prayed at the altar of an unknown god.
   682 | D:1      | Became a worshipper of the Shining One
   682 | D:1      | Reached * piety under the Shining One
   683 | D:1      | Quit the game

Illustrated notes

Levels and vault maps discovered:
D:1:      amcnicky_arrival_double_pillar, layout_loops_ring, serial_shops,
          nicolae_diamond_shop, ebering_ecumenical_altar_sacrificial

Skill      XL: |  1 |
---------------+----+-----
Spellcasting   | 4 |  4.1
Fighting       | |  0.7
Dodging        | |  2.4
Unarmed Combat | |  2.4
Transmutations | |  2.1

Action                   || total
-------------------------++-------
Melee: Unarmed           ||    18
       Kick              ||     7
       Headbutt          ||     3
       Punch             ||     1
 Cast: Beastly Appendage ||     5
Armor: Robe              ||     1
Dodge: Dodged            ||     5
